 Dungeon Crawl Stone Soup version 0.30-a0-748-ge6a52f7cba (webtiles) character file.

Game seed: 1245165104710809817

3119 jimonade the Thaumaturge (level 10, -7/62 HPs)
             Began as a Djinni Venom Mage on Feb 8, 2023.
             Was a Follower of Ashenzari.
             Shot with an arrow by a centaur (8 damage)
             ... on level 8 of the Dungeon.
             The game lasted 00:24:28 (8381 turns).

jimonade the Thaumaturge (Djinni Venom Mage)        Turns: 8381, Time: 00:24:28

Health: -7/62      AC:  2    Str: 11    XL:     10   Next: 14%
Gold:   406        EV: 13    Int: 17    God:    Ashenzari [*.....] SH:  5 Dex: 14

rFire   + + .      SeeInvis .    d - +0 mace "Disgust of Ashenzari" {Fort, Melee} (curse)
rCold   x . .      Faith    .    (no shield)
rNeg    . . .      Spirit   .    a - +0 robe of the Celestial God {Melee, Fort} (curse)
rPois   ∞          Reflect  +    (no helmet)
rElec   .          Harm     .    (no cloak)
rCorr   +          Rampage  .    (no gloves)
Will    +....                    (boots unavailable)
Stlth   ++                       n - amulet of reflection
HPRegen 0.30/turn                E - ring of resist corrosion
MPRegen 0.00/turn                (no ring)

@: flying
A: sickness immunity, fire resistance 2, cold vulnerability 1, float, innate
caster, HP casting, extra vitality 1
a: Renounce Religion, Curse Item, Shatter the Chains


You were on level 8 of the Dungeon.
You worshipped Ashenzari.
Ashenzari was aware of your devotion.
You visited 2 branches of the dungeon, and saw 9 of its levels.

You collected 406 gold pieces.

Inventory:

Hand Weapons
 d - the cursed +0 mace "Disgust of Ashenzari" (weapon) {Fort, Melee}
   (You found it on level 1 of the Dungeon)

   It has a curse which improves the following skills: Fortitude: Armour and
   Shields.
   Melee Combat: Short Blades, Long Blades, Axes, Maces & Flails, Polearms,
   Staves and Unarmed Combat.
 m - the +7 great mace "Undeadhunter" {deathbane, rN+}
   (You found it on level 2 of the Dungeon)

   rN:        It protects you from negative energy.
 v - a +2 vampiric falchion
 x - a +0 rapier
 A - a +0 shortbow
 G - a +0 whip of electrocution
 J - a +2 short sword of speed
 K - a +2 antimagic trident
Missiles
 t - 35 poisoned darts
Armour
 a - the cursed +0 robe of the Celestial God (worn) {Melee, Fort}

   It has a curse which improves the following skills: Melee Combat: Short
   Blades, Long Blades, Axes, Maces & Flails, Polearms, Staves and Unarmed
   Combat.
   Fortitude: Armour and Shields.
 i - a +2 leather armour of poison resistance
 y - a +0 leather armour
 z - a +0 ring mail
 H - a +1 robe of willpower
Jewellery
 n - an amulet of reflection (around neck)
 E - a ring of resist corrosion (left hand)
Wands
 D - a wand of polymorph (5)
 L - a wand of paralysis (7)
Scrolls
 f - 3 scrolls of vulnerability
 j - 2 scrolls of summoning
 k - a scroll of teleportation
 o - 9 scrolls of identify
 q - a scroll of fog
 s - 3 scrolls of blinking
 u - a scroll of fear
 F - 2 scrolls of poison
 I - 4 scrolls of magic mapping
 M - a scroll of immolation
Potions
 c - 4 potions of heal wounds
 g - 2 potions of berserk rage
 h - a potion of brilliance
 p - 7 potions of curing
 r - a potion of resistance
 w - 3 potions of might
 C - 2 potions of cancellation


   Skills:
 + Level 1.2 Fighting
 - Level 0.5(1.1) Maces & Flails
 + Level 2.9 Dodging
 - Level 1.5 Stealth
 + Level 0.1(0.2) Shields
 + Level 0.7(1.4) Unarmed Combat
 * Level 10.5 Spellcasting


You had 10 spell levels left.
You knew the following spells:

 Your Spells              Type           Power      Damage    Failure   Level
a - Sting                 Tmut/Pois      100%       1d8       1%          1
b - Poisonous Vapours     Pois/Air       88%        N/A       1%          2
c - Mephitic Cloud        Conj/Pois/Air  44%        N/A       1%          3
d - Olgreb's Toxic Radia  Pois           44%        N/A       1%          4
e - Shock                 Conj/Air       100%       1d9       1%          1
f - Searing Ray           Conj           88%        2d7       1%          2
g - Spider Form           Tmut/Pois      44%        N/A       1%          3
h - Summon Ice Beast      Ice/Summ       44%        N/A       1%          4
Your spell library was empty.

Dungeon Overview and Level Annotations

Branches:
Dungeon (8/15)             Temple (1/1) D:5
   Lair: D:8-11

Altars:
Ashenzari
Cheibriados
Dithmenos
Elyvilon
Gozag
Hepliaklqana
Makhleb
Nemelex Xobeh
Qazlal
Ru
Trog
Wu Jian
Xom
Yredelemnul
Zin
The Shining One

Shops:
D:6 !   D:8 !

Annotations:
D:5 1 runed translucent door, Crazy Yiuf


Innate Abilities, Weirdness & Mutations

You are immune to sickness and miasma.
You are immune to poison.
Your flesh is very heat resistant. (rF++)
You are vulnerable to cold. (rC-)
You float through the air rather than walking.
You learn spells naturally, not from books.
Your magical power is your life essence.
You have superior vitality. (+4 MHP)


Message History

Your ice beast hits the two-headed ogre.
Your ice beast freezes the two-headed ogre!
Casting: Olgreb's Toxic Radiance (dangerous; 1% risk of failure)
Confirm with . or Enter, or press ? or * to list all spells.
Aiming: Shock (safe; 1% risk of failure)
Press: ? - help, Shift-Dir - straight line
Okay, then.
Unknown command.
Casting: Shock (safe; 1% risk of failure)
Confirm with . or Enter, or press ? or * to list all spells.
Aiming: Mephitic Cloud (safe; 1% risk of failure)
Press: ? - help, Shift-Dir - straight line, f - two-headed ogre
Aim: a two-headed ogre, wielding a +0 dire flail and a +0 giant club (moderately wounded, very poisoned, ally target, chance to affect: 53%)
The ball explodes into a vile cloud!
The stinking cloud engulfs the two-headed ogre but does no damage.
The two-headed ogre is moderately wounded.
The stinking cloud engulfs your ice beast but does no damage.
The two-headed ogre looks even sicker.
The centaur looks even sicker.
You hear a shout!
The centaur shoots an arrow.
The arrow hits your ice beast.
The centaur shoots an arrow.
The arrow closely misses your ice beast.
The arrow hits you!
The two-headed ogre is engulfed in noxious fumes.
Your ice beast hits the two-headed ogre.
Your ice beast freezes the two-headed ogre!
The two-headed ogre attacks as you move away!
The two-headed ogre hits you with a +0 dire flail!!
* * * LOW HITPOINT WARNING * * *
The two-headed ogre barely misses you.
Your toxic aura wanes.
Your ice beast hits the two-headed ogre.
Your ice beast freezes the two-headed ogre!
The centaur shoots an arrow.
The arrow hits you!
* * * LOW HITPOINT WARNING * * *
The two-headed ogre is engulfed in noxious fumes.
The two-headed ogre appears confused.
The centaur shoots an arrow.
The arrow barely misses you.
The centaur shoots an arrow.
The arrow hits you!
You die...

.......).# ....####+##.##..
.........# .... ###+##+##..
.........# #+# #....)..#..
.......c.# #.####.......#..
...(..○☼○# #....#.......#..
......○○☼###....#.......'..
......☼Y○.##....#.......###
...####O..##....#.......#
..........@.....'.####>##
................#.# ###
##.....###......#.# #.....
#......#.# #.....
#......#.# ######
#...##..<#
#...##############
#####.............
#.############


You could see a two-headed ogre (confused, very poisoned, ally target), a
centaur (very poisoned) and a friendly ice beast (summoned).

Vanquished Creatures
  Pikel (D:6)
  Eustachio (D:4)
  An orc warrior (D:6)
  A black bear (D:5)
  An ogre (D:6)
  A centaur (D:4)
  3 kobold brigands
  3 lemures (D:6)
  2 phantoms
  3 necrophages
  3 scorpions
  3 wights (D:8)
  3 jellies
  3 hounds
  5 orc priests
  3 iguanas
  4 orc wizards
  4 gnolls (D:3)
  7 adders
  A shadow imp (D:6)
  A white imp (D:7)
  An ufetubus (D:6)
  A worm (D:2)
  2 dart slugs
  13 orcs
  11 ball pythons
  2 bats (D:2)
  A bat zombie (D:7)
  7 endoplasms
  5 giant cockroaches
  6 goblins
  9 hobgoblins
  10 jackals (D:2)
  3 quokkas
  34 kobolds
  7 rats
  A rat zombie (D:7)
  A spectral orc (D:3)
168 creatures vanquished.

Vanquished Creatures (collateral kills)
  A hornet (D:7)
  A water moccasin (D:7)
  An orc warrior (D:7)
  A gnoll sergeant (D:7)
  A howler monkey (D:7)
  An iguana (D:7)
  An orc wizard (D:7)
  3 orcs (D:7)
  A bat zombie (D:7)
  A kobold (D:7)
  3 rat zombies (D:7)
15 creatures vanquished.

Vanquished Creatures (others)
  61 plants (D:6)
61 creatures vanquished.

Grand Total: 244 creatures vanquished

Notes
Turn   | Place    | Note
-------+----------+-------------------------------------------
     0 | D:1      | jimonade the Djinni Venom Mage began the quest for the Orb.
     0 | D:1      | jimonade set off with the following spells memorised:
                  | Sting, Poisonous Vapours, Mephitic Cloud, Olgreb's Toxic
                  | Radiance.
     0 | D:1      | Reached XP level 1. HP: 15/15 MP: 0/0
   262 | D:1      | Reached XP level 2. HP: 18/21 MP: 0/0
   760 | D:2      | Reached skill level 3 in Spellcasting
   760 | D:2      | Reached XP level 3. HP: 17/25 MP: 0/0
   760 | D:2      | Learned a level 1 spell: Shock
  1119 | D:2      | Found the +7 great mace "Undeadhunter" {deathbane, rN+}
  1161 | D:2      | Reached XP level 4. HP: 29/31 MP: 0/0
  1234 | D:2      | Found a faded altar of an unknown god.
  1934 | D:3      | Reached skill level 4 in Spellcasting
  2021 | D:3      | Noticed a necrophage
  2027 | D:3      | Killed a necrophage
  2028 | D:3      | Reached XP level 5. HP: 30/35 MP: 0/0
  2028 | D:3      | Learned a level 2 spell: Searing Ray
  2285 | D:3      | Found a basalt altar of Yredelemnul.
  2454 | D:3      | Reached XP level 6. HP: 19/41 MP: 0/0
  2885 | D:4      | Upgraded the game from 0.30-a0-743-gbfdf073431 to
                  | 0.30-a0-748-ge6a52f7cba
  2893 | D:4      | Found a burning altar of Makhleb.
  3223 | D:4      | Reached skill level 5 in Spellcasting
  3371 | D:4      | Noticed Eustachio
  3381 | D:4      | Killed Eustachio
  3382 | D:4      | Reached XP level 7. HP: 27/46 MP: 0/0
  3382 | D:4      | Learned a level 3 spell: Spider Form
  3758 | D:4      | Reached skill level 6 in Spellcasting
  4027 | D:5      | Entered Level 5 of the Dungeon
  4094 | D:5      | Reached XP level 8. HP: 41/51 MP: 0/0
  4163 | D:5      | Reached skill level 1 in Fighting
  4305 | D:5      | Reached skill level 7 in Spellcasting
  4614 | D:5      | Found a runed translucent door.
  4615 | D:5      | Noticed Crazy Yiuf
  4847 | D:5      | Found a staircase to the Ecumenical Temple.
  4851 | Temple   | Entered the Ecumenical Temple
  4879 | Temple   | Became a worshipper of Ashenzari the Shackled
  5542 | D:6      | Reached skill level 8 in Spellcasting
  5605 | D:6      | Reached XP level 9. HP: 46/57 MP: 0/0
  5605 | D:6      | Learned a level 4 spell: Summon Ice Beast
  5915 | D:6      | Noticed Pikel
  5936 | D:6      | Killed Pikel
  5937 | D:6      | Reached skill level 9 in Spellcasting
  6188 | D:6      | Found Oteom's Distillery.
  6750 | D:7      | Found a shadowy altar of Dithmenos.
  7110 | D:7      | Noticed a hornet
  7118 | D:7      | Killed a hornet
  7119 | D:7      | Reached skill level 10 in Spellcasting
  7122 | D:7      | Reached XP level 10. HP: 43/62 MP: 0/0
  7297 | D:7      | Found a bloodstained altar of Trog.
  7368 | D:7      | Found a white marble altar of Elyvilon.
  7544 | D:7      | Identified the cursed +0 mace "Disgust of Ashenzari" {Fort,
                  | Melee} (You found it on level 1 of the Dungeon)
  7953 | D:7      | Reached * piety under Ashenzari
  7973 | D:8      | Found Pag Mu Heso's Distillery.
  8372 | D:8      | Noticed a two-headed ogre
  8380 | D:8      | HP: 1/62 [centaur/arrow (13)]
  8381 | D:8      | Shot with an arrow by a centaur

Illustrated notes

Levels and vault maps discovered:
D:1:      lemuel_arrival_cross, layout_loops_ring,
          chequers_serial_rivers_small_3
D:2:      layout_loops_ring, hellmonk_ecumenical_altar_run_dry,
          serial_bayou_pond_e, serial_bayou_pond_d, kennysheep_generic_room_3
D:3:      layout_loops_ring, yredelemnul_forgotten_temple_becter,
          grunt_ministairs_11, hex_tiny, minivault_19, hangedman_decor_growths,
          nicolae_figureground_pulse
D:4:      layout_loops_ring, nicolae_overflow_crystal_walls, uniq_eustachio
D:5:      layout_loops_ring, minmay_temple_entry_grid, uniq_crazy_yiuf_cottage
D:6:      kennysheep_kobold_camp, layout_rooms, serial_shops,
          kennysheep_mini_moat, uniq_pikel
D:7:      layout_rooms, trog_three_pillars_becter,
          grunt_dithmenos_smoke_and_mirrors, lemuel_zombie_altar_kikubaaqudgha,
          nicolae_elyvilon_peaceful_grove, roderic_lattice_a,
          minmay_increasing_density
D:8:      layout_basic, serial_shops, nicolae_shop_hallway_stairs,
          kb_lookout_dungeons_type
Temple:   nicolae_temple_bog_church

Skill      XL: |  1  2  3  4  5  6  7  8  9 |
---------------+----------------------------+-----
Spellcasting   | 3 4 5 6 8 10 | 10.5
Fighting       | 1 |  1.2
Maces & Flails | |  0.5
Dodging        | |  2.9
Stealth        | |  1.5
Shields        | |  0.1
Unarmed Combat | |  0.7

Action                     |  1- 3 |  4- 6 |  7- 9 | 10-12 || total
---------------------------+-------+-------+-------+-------++-------
  Melee: Great mace        |       |    19 |     1 |       ||    20
         Unarmed           |       |       |    10 |    11 ||    21
         Mace              |       |       |       |     2 ||     2
   Cast: Sting             |    37 |    25 |       |       ||    62
         Poisonous Vapours |    17 |    74 |   135 |     4 ||   230
         Shock             |       |     6 |    14 |     3 ||    23
         Searing Ray       |       |     8 |    23 |     2 ||    33
         Mephitic Cloud    |       |     2 |       |     1 ||     3
         Spider Form       |       |       |     3 |     1 ||     4
         Olgreb's Toxic Ra |       |       |    16 |     3 ||    19
         Summon Ice Beast  |       |       |     4 |     8 ||    12
 Invoke: Curse Item        |       |       |     1 |     1 ||     2
 Armour: Robe              |     2 |     9 |     4 |     1 ||    16
         Skin              |       |       |     4 |     1 ||     5
  Dodge: Dodged            |    21 |    26 |    39 |    16 ||   102
  Block: Other             |       |       |     3 |     8 ||    11
         Reflection        |       |       |       |     1 ||     1

Table legend: (Time is in decaauts)
 A = Elapsed time spent in this place.
 B = Non-inter-level travel time spent in this place.
 C = Inter-level travel time spent in this place.
 D = Time resting spent in this place.
 E = Time spent auto-exploring this place.
 F = Levels seen in this place.
 G = Mean time per level.
                   A        B        C        D        E       F      G
               +--------+--------+--------+--------+--------+-----+--------+
         Total |   8394 |   8156 |    238 |    481 |   6083 |   9 |  932.7 |
       Dungeon |   8246 |   8012 |    234 |    481 |   5958 |   8 | 1030.8 |
        Temple |    147 |    143 |      4 |      0 |    125 |   1 |  147.0 |
               +--------+--------+--------+--------+--------+-----+--------+

Top non-repeatable levels by time:
     D:6: 1603 daAuts
     D:7: 1226 daAuts
     D:3: 1196 daAuts
     D:4: 1035 daAuts
     D:2: 1017 daAuts
     D:5: 967 daAuts
     D:1: 792 daAuts
     D:8: 407 daAuts
  Temple: 147 daAuts
